[ AOE2 MATCH · #471947396 ]
UnrankedEthiopians vs Mongols
Player's team · LOSS
Rival team · WIN
[ REPLAY ANALYSIS · EXTRACTED FROM THE RECORDED GAME ]
Feudal
9:43
Castle
19:16
Imperial
—
| APM avg | 26.7 |
| APM peak | 63 |
| eAPM avg | 14.2 |
| Villagers / military | 64 / 42 |
Focus
⚔️ 23.8% · 🌾 76.2%
Skirmisher ×19 · Spearman ×10 · Archer ×6 · Scorpion ×5 · Mangonel ×2
Feudal
9:43
Castle
20:39
Imperial
—
| APM avg | 35.2 |
| APM peak | 68 |
| eAPM avg | 14.6 |
| Villagers / military | 111 / 47 |
Focus
⚔️ 18.0% · 🌾 82.0%
Archer ×21 · Skirmisher ×21 · Mangonel ×3 · Spearman ×2
Match map
Initial resources + every placement click. Lines = walls · curves = elevation contours. ◆ gold · ⬟ stone · ● berries · ✦ relic · ◌ wall gap
Inputs per minute
— JAPO - - Jägermeister
Build order — JAPO
First 150 of 188 actions detected
| 0:01 | Create | Villager (Male) |
| 0:01 | Create | Villager (Male) |
| 0:01 | Create | Villager (Male) |
| 0:02 | Create | Villager (Male) |
| 0:02 | Create | Villager (Male) |
| 0:03 | Build | House |
| 0:04 | Build | House |
| 1:28 | Create | Villager (Male) |
| 1:29 | Create | Villager (Male) |
| 1:49 | Build | Lumber Camp |
| 1:50 | Create | Villager (Male) |
| 1:50 | Create | Villager (Male) |
| 2:12 | Build | House |
| 2:28 | Create | Villager (Male) |
| 2:54 | Create | Villager (Male) |
| 2:54 | Create | Villager (Male) |
| 3:01 | Research | Loom |
| 3:02 | Create | Villager (Male) |
| 3:02 | Create | Villager (Male) |
| 3:45 | Create | Villager (Male) |
| 4:31 | Create | Villager (Male) |
| 4:31 | Create | Villager (Male) |
| 4:55 | Create | Villager (Male) |
| 4:59 | Create | Villager (Male) |
| 4:59 | Create | Villager (Male) |
| 5:00 | Create | Villager (Male) |
| 5:47 | Build | House |
| 5:50 | Create | Villager (Male) |
| 6:01 | Build | Mill |
| 6:49 | Create | Villager (Male) |
| 7:33 | Research | Feudal Age |
| 7:40 | Build | Lumber Camp |
| 8:11 | Build | Barracks |
| 8:30 | Create | Villager (Male) |
| 9:10 | Build | House |
| 9:37 | Build | Palisade Wall |
| 9:41 | Build | Palisade Wall |
| 9:42 | Build | Palisade Wall |
| 9:43 | Age | Feudal Age |
| 9:52 | Build | Archery Range |
| 10:22 | Create | Villager (Male) |
| 10:23 | Create | Villager (Male) |
| 10:41 | Build | Palisade Wall |
| 10:47 | Create | Archer |
| 10:47 | Create | Archer |
| 10:47 | Create | Archer |
| 10:57 | Build | Palisade Wall |
| 11:03 | Create | Villager (Male) |
| 11:12 | Build | Palisade Wall |
| 11:29 | Build | Blacksmith |
| 11:31 | Create | Villager (Male) |
| 11:45 | Build | Palisade Wall |
| 11:47 | Create | Villager (Male) |
| 11:53 | Create | Villager (Male) |
| 12:15 | Build | Palisade Wall |
| 12:30 | Build | House |
| 12:33 | Research | Wheelbarrow |
| 12:37 | Build | Farm |
| 12:41 | Create | Archer |
| 13:14 | Create | Villager (Male) |
| 13:31 | Create | Villager (Male) |
| 13:33 | Build | Mining Camp |
| 13:46 | Create | Villager (Male) |
| 13:56 | Build | House |
| 14:04 | Create | Villager (Male) |
| 14:08 | Build | Farm |
| 14:39 | Build | Market |
| 14:43 | Create | Villager (Male) |
| 15:07 | Build | Farm |
| 15:37 | Create | Villager (Male) |
| 15:39 | Build | Farm |
| 15:55 | Create | Villager (Male) |
| 15:58 | Build | Farm |
| 16:36 | Research | Castle Age |
| 16:41 | Build | House |
| 16:57 | Build | House |
| 17:06 | Create | Archer |
| 17:07 | Create | Archer |
| 17:26 | Create | Spearman |
| 17:26 | Create | Spearman |
| 17:36 | Build | Farm |
| 17:58 | Create | Skirmisher |
| 17:58 | Create | Skirmisher |
| 18:31 | Create | Villager (Male) |
| 18:31 | Create | Villager (Male) |
| 18:47 | Create | Skirmisher |
| 18:52 | Create | Spearman |
| 19:14 | Build | House |
| 19:15 | Build | House |
| 19:16 | Age | Castle Age |
| 19:16 | Build | House |
| 19:24 | Build | Town Center |
| 19:27 | Create | Villager (Male) |
| 19:31 | Create | Skirmisher |
| 19:31 | Create | Skirmisher |
| 19:35 | Create | Spearman |
| 19:39 | Create | Villager (Male) |
| 20:14 | Create | Skirmisher |
| 20:15 | Create | Skirmisher |
| 21:07 | Research | Elite Skirmisher (upgrade) |
| 21:19 | Build | House |
| 21:35 | Build | House |
| 21:36 | Build | House |
| 21:37 | Build | House |
| 21:41 | Create | Villager (Male) |
| 21:41 | Create | Villager (Male) |
| 21:41 | Create | Villager (Male) |
| 21:42 | Create | Villager (Male) |
| 21:53 | Create | Skirmisher |
| 21:53 | Create | Skirmisher |
| 21:56 | Create | Spearman |
| 21:56 | Create | Spearman |
| 22:09 | Build | Town Center |
| 22:28 | Create | Villager (Male) |
| 22:29 | Create | Villager (Male) |
| 22:30 | Create | Villager (Male) |
| 22:35 | Create | Skirmisher |
| 22:35 | Create | Skirmisher |
| 22:53 | Create | Villager (Male) |
| 23:20 | Create | Skirmisher |
| 23:21 | Create | Skirmisher |
| 23:25 | Build | House |
| 23:54 | Build | Building 804 |
| 24:03 | Create | Skirmisher |
| 24:03 | Create | Skirmisher |
| 24:15 | Build | Siege Workshop |
| 24:32 | Create | Villager (Male) |
| 24:32 | Create | Villager (Male) |
| 24:32 | Create | Villager (Male) |
| 24:48 | Build | Farm |
| 24:50 | Build | Farm |
| 24:53 | Build | Farm |
| 24:58 | Create | Skirmisher |
| 24:58 | Create | Skirmisher |
| 25:26 | Create | Villager (Male) |
| 25:40 | Create | Skirmisher |
| 25:40 | Create | Skirmisher |
| 25:48 | Create | Spearman |
| 25:48 | Create | Spearman |
| 26:05 | Create | Villager (Male) |
| 26:06 | Create | Villager (Male) |
| 26:18 | Build | Farm |
| 26:18 | Build | Farm |
| 26:19 | Build | Farm |
| 26:19 | Build | Farm |
| 26:19 | Build | Farm |
| 26:19 | Build | Farm |
| 26:20 | Build | Farm |
| 26:20 | Build | Farm |
| 26:20 | Build | Farm |
Build order — Jägermeister
First 150 of 217 actions detected
| 0:02 | Create | Villager (Male) ×4 |
| 0:02 | Create | Villager (Male) ×4 |
| 0:04 | Build | House |
| 0:05 | Build | House |
| 1:31 | Create | Villager (Male) |
| 1:31 | Create | Villager (Male) |
| 1:32 | Create | Villager (Male) |
| 1:56 | Build | Lumber Camp |
| 1:57 | Create | Villager (Male) |
| 1:58 | Create | Villager (Male) |
| 1:58 | Create | Villager (Male) |
| 2:27 | Create | Villager (Male) |
| 2:27 | Create | Villager (Male) |
| 2:27 | Create | Villager (Male) |
| 2:38 | Build | House |
| 2:40 | Build | House |
| 2:55 | Create | Villager (Male) |
| 2:55 | Create | Villager (Male) |
| 3:07 | Create | Villager (Male) |
| 3:07 | Create | Villager (Male) |
| 3:07 | Create | Villager (Male) |
| 3:46 | Create | Villager (Male) |
| 4:09 | Create | Villager (Male) |
| 4:09 | Create | Villager (Male) |
| 4:09 | Create | Villager (Male) |
| 4:34 | Create | Villager (Male) |
| 4:34 | Create | Villager (Male) |
| 4:35 | Create | Villager (Male) |
| 4:35 | Create | Villager (Male) |
| 4:35 | Create | Villager (Male) |
| 5:13 | Create | Villager (Male) |
| 5:31 | Build | Mill |
| 6:18 | Create | Villager (Male) |
| 6:18 | Create | Villager (Male) |
| 6:18 | Create | Villager (Male) |
| 6:18 | Create | Villager (Male) |
| 6:19 | Create | Villager (Male) |
| 6:50 | Build | Mining Camp |
| 6:53 | Research | Loom |
| 7:32 | Research | Feudal Age |
| 8:09 | Build | House |
| 8:11 | Build | House |
| 8:45 | Build | Barracks |
| 8:54 | Build | House |
| 9:07 | Create | Villager (Male) |
| 9:08 | Create | Villager (Male) |
| 9:43 | Age | Feudal Age |
| 9:44 | Build | House |
| 9:57 | Build | Archery Range |
| 10:02 | Create | Villager (Male) |
| 10:22 | Build | House |
| 10:29 | Build | Palisade Wall |
| 10:33 | Create | Villager (Male) |
| 10:43 | Build | House |
| 10:44 | Build | House |
| 10:55 | Build | Building 804 |
| 10:57 | Create | Archer |
| 10:57 | Create | Archer |
| 10:57 | Create | Archer |
| 10:58 | Create | Archer |
| 11:06 | Build | Palisade Wall |
| 11:07 | Build | Palisade Wall |
| 11:11 | Build | House |
| 11:13 | Create | Villager (Male) |
| 11:38 | Build | House |
| 11:43 | Build | House |
| 11:45 | Build | House |
| 11:47 | Build | House |
| 11:49 | Build | House |
| 11:51 | Build | House |
| 12:00 | Build | Stone Wall |
| 12:02 | Create | Villager (Male) |
| 12:03 | Create | Villager (Male) |
| 12:06 | Build | House |
| 12:09 | Create | Villager (Male) |
| 12:09 | Create | Villager (Male) |
| 12:12 | Create | Archer |
| 12:33 | Build | Blacksmith |
| 12:52 | Create | Villager (Male) |
| 13:21 | Create | Archer |
| 13:32 | Build | Farm |
| 13:33 | Build | Farm |
| 13:36 | Build | Farm |
| 13:38 | Build | Farm |
| 13:46 | Create | Villager (Male) |
| 13:49 | Build | Farm |
| 14:08 | Create | Spearman |
| 14:08 | Create | Spearman |
| 14:14 | Create | Villager (Male) |
| 14:14 | Create | Villager (Male) |
| 14:16 | Build | Farm |
| 14:20 | Build | Farm |
| 14:26 | Create | Villager (Male) |
| 14:42 | Create | Villager (Male) |
| 14:46 | Build | Farm |
| 14:48 | Build | Farm |
| 15:44 | Build | Market |
| 15:57 | Build | Farm |
| 15:59 | Build | Farm |
| 16:02 | Build | Farm |
| 16:04 | Create | Villager (Male) |
| 16:29 | Create | Villager (Male) |
| 16:41 | Build | House |
| 16:50 | Build | Lumber Camp |
| 16:53 | Create | Villager (Male) |
| 17:22 | Create | Villager (Male) |
| 17:59 | Research | Castle Age |
| 18:02 | Build | House |
| 18:03 | Build | House |
| 18:04 | Build | House |
| 18:22 | Research | Double-Bit Axe |
| 18:51 | Research | Horse Collar |
| 18:57 | Build | Archery Range |
| 19:04 | Research | Gold Mining |
| 19:45 | Research | Fletching |
| 20:02 | Create | Skirmisher ×5 |
| 20:07 | Create | Archer |
| 20:10 | Create | Skirmisher |
| 20:37 | Create | Villager (Male) |
| 20:38 | Create | Villager (Male) |
| 20:39 | Age | Castle Age |
| 20:45 | Build | Town Center |
| 21:00 | Research | Elite Skirmisher (upgrade) |
| 21:16 | Create | Archer |
| 21:17 | Create | Archer |
| 21:19 | Create | Villager (Male) |
| 21:19 | Create | Villager (Male) |
| 21:52 | Create | Archer |
| 21:53 | Research | Thumb Ring |
| 22:01 | Create | Villager (Male) |
| 22:21 | Create | Villager (Male) |
| 22:21 | Create | Villager (Male) |
| 22:38 | Create | Villager (Male) |
| 22:39 | Create | Villager (Male) |
| 22:47 | Build | Town Center |
| 23:22 | Create | Skirmisher |
| 23:23 | Create | Archer ×4 |
| 23:25 | Create | Villager (Male) |
| 23:26 | Create | Villager (Male) |
| 23:26 | Create | Villager (Male) |
| 23:26 | Create | Villager (Male) |
| 23:29 | Build | Farm |
| 23:36 | Build | Farm |
| 23:50 | Create | Villager (Male) |
| 23:54 | Build | Farm |
| 24:16 | Create | Villager (Male) |
| 24:16 | Create | Villager (Male) |
| 24:22 | Build | Farm |
| 24:25 | Build | Farm |
| 24:28 | Build | Farm |
Match timeline
| 8:11 | JAPO · first_building Barracks |
| 8:45 | Jägermeister · first_building Barracks |
| 9:37 | JAPO · wall_segment Palisade Wall x5 |
| 9:41 | JAPO · wall_segment Palisade Wall x1 |
| 9:42 | JAPO · wall_segment Palisade Wall x1 |
| 9:43 | JAPO · age_up feudal |
| 9:43 | Jägermeister · age_up feudal |
| 9:52 | JAPO · first_building Archery Range |
| 9:57 | Jägermeister · first_building Archery Range |
| 10:29 | Jägermeister · wall_segment Palisade Wall x12 |
| 10:41 | JAPO · wall_segment Palisade Wall x1 |
| 10:57 | JAPO · wall_segment Palisade Wall x8 |
| 11:06 | Jägermeister · wall_segment Palisade Wall x3 |
| 11:07 | Jägermeister · wall_segment Palisade Wall x3 |
| 11:12 | JAPO · wall_segment Palisade Wall x8 |
| 11:45 | JAPO · wall_segment Palisade Wall x8 |
| 12:00 | Jägermeister · wall_segment Stone Wall x5 |
| 12:15 | JAPO · wall_segment Palisade Wall x9 |
| 15:47 | JAPO · first_market_buy 100 food |
| 15:51 | JAPO · first_market_sell 100 wood |
| 16:59 | Jägermeister · first_market_buy 100 food |
| 17:04 | Jägermeister · first_market_sell 100 food |
| 19:16 | JAPO · age_up castle |
| 20:39 | Jägermeister · age_up castle |
| 24:15 | JAPO · first_building Siege Workshop |
| 28:01 | Jägermeister · first_building Siege Workshop |
| 30:26 | JAPO · first_building Castle |
| 30:43 | JAPO · resign |
[ AI ANALYSIS · 1 CREDIT ]
What really happened in this match?
Wolo.gg analyzes every decision: build order, eco, micro, common mistakes by bracket. Personalized analysis on WhatsApp or Discord in 30 seconds.
Civ guide
Ethiopians
Perfil
Jugador #16396282